 Dungeon Crawl Stone Soup version 0.29-a0-91-gdebf4667c2 (webtiles) character file.

Game seed: 17620813573201305621

70 lordive the Sneak (level 4, -1/24 HPs)
             Began as a Kobold Enchanter on Feb 7, 2022.
             Was an Initiate of Dithmenos.
             Slain by an adder (2 damage)
             ... on level 3 of the Dungeon.
             The game lasted 00:05:06 (3223 turns).

lordive the Sneak (Kobold Enchanter)                Turns: 3223, Time: 00:05:07

Health: -1/24      AC:  2    Str:  5    XL:     4   Next: 44%
Magic:  1/7        EV: 15    Int: 18    God:    Dithmenos [......]
Gold:   46         SH:  0    Dex: 15    Spells: 2/7 levels left

rFire   . . .      SeeInvis .   h - +0 dagger (distort)
rCold   . . .      Faith    .   (no shield)
rNeg    . . .      Spirit   .   b - +0 robe
rPois   .          Reflect  .   (no helmet)
rElec   .          Harm     .   (no cloak)
rCorr   .          Rampage  .   (no gloves)
Will    .....                   (no boots)
Stlth   ++++......              (no amulet)
HPRegen 0.08/turn               (no ring)
MPRegen 0.10/turn               (no ring)

@: mighty, lethally poisoned (-1 -> -5)
A: small, no large weapons, nightstalker 3
a: Renounce Religion


You were on level 3 of the Dungeon.
You worshipped Dithmenos.
Dithmenos was noncommittal.
You visited 1 branch of the dungeon, and saw 3 of its levels.

You collected 46 gold pieces.

Inventory:

Hand Weapons
 a - a +1 dagger
 h - a +0 dagger of distortion (weapon)
Armour
 b - a +0 robe (worn)
Scrolls
 d - a scroll of noise {unknown}
 e - a scroll of immolation {unknown}
 g - a scroll of vulnerability {unknown}
 i - 2 scrolls of identify {unknown}
 j - 2 scrolls of enchant weapon {unknown}
 l - a scroll of holy word {unknown}
 m - a scroll of silence {unknown}
 o - a scroll of brand weapon {unknown}
Potions
 c - a potion of invisibility
 k - a potion of brilliance {unknown}
 n - 2 potions of resistance {unknown}


   Skills:
 + Level 1.9 Short Blades
 + Level 3.1 Dodging
 + Level 5.1 Stealth
 + Level 2.4 Spellcasting
 + Level 3.4 Hexes
 + Level 0.9 Ice Magic


You had 2 spell levels left.
You knew the following spells:

 Your Spells              Type           Power      Damage    Failure   Level
a - Ensorcelled Hibernat  Hex/Ice        20%        N/A       11%         2
b - Confusing Touch       Hex            14%        N/A       12%         3

Your spell library contained the following spells:

 Spells                   Type           Power      Damage    Failure   Level
 Tukima's Dance           Hex            14%        N/A       12%         3
 Dazzling Flash           Conj/Hex       16%        N/A       26%         3


Dungeon Overview and Level Annotations

Branches:
Dungeon (3/15)

Altars:
Dithmenos


Innate Abilities, Weirdness & Mutations

You are small and have problems with some larger weapons.
You are completely attuned to the shadows.


Message History

You impale the kobold!!
You kill the kobold!
Dithmenos accepts your kill.
HP restored.
Magic restored.
o - a scroll labelled YROEGE KAEFEA You see here a +0 dagger.
Things that are here:
a +0 dagger; a goblin corpse
There is a stone staircase leading up here.
An adder comes into view.
An adder is nearby!
An adder is nearby!
An adder is nearby!
Found a dazzling leather armour.
The adder bites you.
You are poisoned.
The adder poisons you! The adder barely misses you.
The adder resists with significant effort.
You feel sick. The adder closely misses you.
The adder resists with significant effort.
You feel sick. The adder bites you.
The adder resists with significant effort.
You feel sick. The adder bites you.
You are more poisoned.
The adder poisons you! The adder barely misses you.
Okay, then.
Really wield
h - a +0 dagger of distortion?
Space warps around you for a moment!
h - a +0 dagger of distortion (weapon)
You feel sick.
You barely miss the adder.
* * * LOW HITPOINT WARNING * * *
You feel sick. The adder bites you.
* * * LOW HITPOINT WARNING * * *
Unknown command.
It was a potion of might.
You feel very mighty all of a sudden.
* * * LOW HITPOINT WARNING * * *
You feel sick. The adder bites you.
You die...

#############
#...........#
#.#########.# .#
#.### #.# .# ....#
#.#####.##.
..(.#######..........
................@S...
....##......########[
....##.####<#
#.####.## #)#
#.###...###.#
.........)#
###...##### ##.####
##.....


You could see an adder.

Vanquished Creatures
  A gnoll (D:1)
  2 worms (D:2)
  5 ball pythons
  2 endoplasms (D:2)
  2 giant cockroaches (D:2)
  7 goblins
  11 hobgoblins
  5 kobolds
  2 quokkas (D:1)
  4 bats
  2 frilled lizards (D:1)
  6 rats
49 creatures vanquished.

Notes
Turn   | Place    | Note
-------+----------+-------------------------------------------
     0 | D:1      | lordive the Kobold Enchanter began the quest for the Orb.
     0 | D:1      | Reached XP level 1. HP: 10/10 MP: 3/3
   494 | D:1      | Reached XP level 2. HP: 11/15 MP: 5/5
   966 | D:1      | Learned a level 2 spell: Ensorcelled Hibernation
  1306 | D:1      | Found a faded altar of an unknown god.
  1413 | D:1      | Reached XP level 3. HP: 19/19 MP: 3/6
  1867 | D:2      | Learned a level 3 spell: Confusing Touch
  2069 | D:2      | Reached XP level 4. HP: 23/24 MP: 0/7
  2291 | D:2      | Found a shadowy altar of Dithmenos.
  2366 | D:2      | Became a worshipper of Dithmenos the Shadowed
  2468 | D:2      | Reached skill level 5 in Stealth
  3223 | D:3      | HP: 1/24 [poisoned by an adder]
  3223 | D:3      | Slain by an adder

Illustrated notes

Levels and vault maps discovered:
D:1:      matt_arrival_spirals, layout_basic,
          hellmonk_ecumenical_altar_heavens_door
D:2:      layout_basic, basic_altar
D:3:      layout_loops_ring, serial_shops, nicolae_square_shop

Skill      XL: |  1  2  3  4 |
---------------+-------------+-----
Dodging        | 3 |  3.1
Stealth        | 5 |  5.1
Short Blades   | |  1.9
Spellcasting   | |  2.4
Hexes          | |  3.4
Ice Magic      | |  0.9

Action                   |  1- 3 |  4- 6 || total
-------------------------+-------+-------++-------
Melee: Dagger            |    93 |    24 ||   117
       Punch             |     4 |       ||     4
 Cast: Ensorcelled Hiber |    13 |    23 ||    36
  Use: Potion            |       |     1 ||     1
 Stab: Sleeping          |    23 |    13 ||    36
Armor: Robe              |    11 |     4 ||    15
Dodge: Dodged            |    54 |    28 ||    82

Table legend: (Time is in decaauts)
 A = Elapsed time spent in this place.
 B = Non-inter-level travel time spent in this place.
 C = Inter-level travel time spent in this place.
 D = Time resting spent in this place.
 E = Time spent auto-exploring this place.
 F = Levels seen in this place.
 G = Mean time per level.
                   A        B        C        D        E       F      G
               +--------+--------+--------+--------+--------+-----+--------+
         Total |   3213 |   3107 |    106 |    156 |   2511 |   3 | 1071.0 |
       Dungeon |   3213 |   3107 |    106 |    156 |   2511 |   3 | 1071.0 |
               +--------+--------+--------+--------+--------+-----+--------+

Top non-repeatable levels by time:
     D:1: 1756 daAuts
     D:2: 1244 daAuts
     D:3: 213 daAuts
